 Dungeon Crawl Stone Soup version 0.30-a0-782-ge64f9170bb (webtiles) character file.

Game seed: 17273076617110552715

6707 funkygono the Thaumaturge (level 11, -1/59 HPs)
             Began as a Gargoyle Fire Elementalist on Mar 6, 2023.
             Was a Priest of Sif Muna.
             Slain by a vampire
             ... wielding a +1 vampiric bardiche
              (11 damage)
             ... in a bailey on Mar 7, 2023.
             The game lasted 00:19:52 (11885 turns).

funkygono the Thaumaturge (GrFE)                   Turns: 11885, Time: 00:19:52

Health: -1/59      AC: 17    Str: 13    XL:     11   Next: 3%
Magic:  24/24      EV: 12    Int: 25    God:    Sif Muna [***...]
Gold:   771        SH:  0    Dex: 10    Spells: 16/29 levels left

rFire   . . .      SeeInvis .    (no weapon)
rCold   . . .      Faith    +    (no shield)
rNeg    + . .      Spirit   .    v - +2 robe
rPois   ∞          Reflect  .    C - +1 helmet
rElec   +          Harm     .    w - +0 cloak
rCorr   .          Rampage  .    F - +0 pair of gloves
Will    .....                    m - +0 pair of boots
Stlth   +                        H - amulet of faith
HPRegen 0.29/turn                o - +6 ring of intelligence
MPRegen 0.19/turn                K - ring of wizardry

@: confused
A: sickness immunity, AC +8, negative energy resistance 1, electricity
resistance, torment resistance 1, petrification resistance
a: Renounce Religion, Channel Magic, Forget Spell


You were in a bailey.
You worshipped Sif Muna.
Sif Muna was most pleased with you.
You visited 2 branches of the dungeon, and saw 11 of its levels.
You also visited: Bailey.

You collected 771 gold pieces.

Inventory:

Hand Weapons
 b - a +0 whip of freezing
 n - a +4 whip of flaming
 s - a +4 quarterstaff of chaos
 x - the +3 hammer "Boef" {flame, rF+ rC- Will+ Dex+5}
   (You found it on level 4 of the Dungeon)

   Dex:       It affects your dexterity (+5).
   rF:        It protects you from fire.
   rC:        It makes you vulnerable to cold.
   Will:      It increases your willpower.
 L - a +1 falchion of protection
 M - a +2 mace of protection
Armour
 m - a +0 pair of boots (worn)
 v - a +2 robe (worn)
 w - a +0 cloak (worn)
 z - an orb of wrath
 C - a +1 helmet (worn)
 D - a +2 leather armour of cold resistance
 F - a +0 pair of gloves (worn)
 O - a +1 leather armour of fire resistance
Magical Staves
 c - a staff of cold
 q - a staff of poison
Jewellery
 o - a +6 ring of intelligence (left hand)
 B - a ring of protection from cold
 H - an amulet of faith (around neck)
 K - a ring of wizardry (right hand)
 N - a +5 ring of evasion
Wands
 p - a wand of digging (14)
 y - a wand of polymorph (3)
 E - a wand of charming (11)
 J - a wand of iceblast (10)
Scrolls
 e - a scroll of identify
 i - a scroll of immolation
 A - a scroll of poison
 I - 2 scrolls of teleportation
Potions
 a - a potion of attraction
 d - 3 potions of flight
 f - 2 potions of cancellation
 g - 5 potions of might
 h - 2 potions of mutation
 j - 2 potions of resistance
 k - 2 potions of berserk rage
 l - 2 potions of heal wounds
 t - 4 potions of curing
 u - 2 potions of lignification
 G - 3 potions of brilliance


   Skills:
 + Level 2.9 Fighting
 + Level 3.5 Maces & Flails
 + Level 3.5 Dodging
 - Level 2.1 Stealth
 + Level 9.8 Spellcasting
 + Level 7.5 Conjurations
 + Level 9.3 Fire Magic
 + Level 1.8 Earth Magic


You had 16 spell levels left.
You knew the following spells:

 Your Spells              Type           Power      Damage    Failure   Level
a - Foxfire               Conj/Fire      100%       2x1d9     1%          1
b - Scorch                Fire           100%       2d10      1%          2
c - Kindle Blastsparks    Fire/Tloc/Air  54%        2d14      1%          3
d - Flame Wave            Conj/Fire      53%        2d13      1%          4
e - Stone Arrow           Conj/Erth      70%        3d11      1%          3

Your spell library contained the following spells:

 Spells                   Type           Power      Damage    Failure   Level
 Magic Dart               Conj           100%       1d8       1%          1
 Inner Flame              Hex/Fire       35%        N/A       1%          3
 Passwall                 Tmut/Erth      13%        N/A       2%          2
 Mephitic Cloud           Conj/Pois/Air  24%        N/A       2%          3
 Call Imp                 Summ           12%        N/A       3%          2
 Ensorcelled Hibernation  Hex/Ice        24%        N/A       3%          2
 Lesser Beckoning         Tloc           24%        N/A       3%          2
 Gell's Gravitas          Tloc           12%        N/A       6%          3
 Swiftness                Air            12%        N/A       6%          3
 Teleport Other           Tloc           12%        N/A       6%          3
 Animate Armour           Summ/Erth      32%        N/A       14%         4
 Dispel Undead            Necr           12%        3d9       21%         4
 Death Channel            Necr           6%         N/A       95%         6
 Lehudib's Crystal Spear  Conj/Erth      17%        10d5      100%        8
 Cigotuvi's Dreadful Rot  Necr/Pois/Air  Unusable   N/A       N/A         2

Dungeon Overview and Level Annotations

Branches:
Dungeon (10/15)            Temple (1/1) D:7          Bailey (1/1)
   Lair: D:8-11         Orc: D:9-12

Altars:
Ashenzari
Cheibriados
Dithmenos
Elyvilon
Fedhas
Gozag
Hepliaklqana
Kikubaaqudgha
Nemelex Xobeh
Okawaru
Ru
Sif Muna
Trog
Uskayaw
Vehumet
Wu Jian
Xom
Yredelemnul
Zin
The Shining One

Annotations:
D:7 1 runed translucent door, HoaS's ghost, novice GrHu


Innate Abilities, Weirdness & Mutations

You are immune to sickness and miasma.
Your stone body is resilient. (AC +8)
You are immune to poison.
You resist negative energy. (rN+)
You are resistant to electric shocks. (rElec)
You are resistant to unholy torment.
You are immune to petrification.


Message History

Confirm with . or Enter, or press ? or * to list all spells.
You conjure some foxfire!
The foxfire hits something but does no damage. x2
Something hits you.
* * * LOW HITPOINT WARNING * * *
Casting: Foxfire (safe; 1% risk of failure)
Confirm with . or Enter, or press ? or * to list all spells.
You conjure some foxfire!
The foxfire hits something but does no damage. x2
Something hits you!
* * * LOW HITPOINT WARNING * * *
You feel much better.
The foxfire hits something but does no damage. x2
Something hits you!
You are confused.
You feel invigorated. Something hits you.
The +3 hammer "Boef" {flame, rF+ rC- Will+ Dex+5} stops flaming.
You are now empty-handed.
There is a large open door here.
You bump into the stone wall.
Something hits you!
You're too confused to cast spells.
Okay, then.
You feel less invigorated.
You feel less confused. Something hits you!
Something bites you but does no damage.
You miss something.
You hear some strange, mumbled words.
You are confused.
You're too confused to cast spells.
Okay, then.
You're too confused to cast spells.
Okay, then.
You're too confused to cast spells.
Unknown command.
You feel much better. Something hits you!
Something bites you but does no damage. Something hits you!
* * * LOW HITPOINT WARNING * * *
Something bites you but does no damage. Something hits you!
You die...

##### ##### #}÷÷#
#8...###### #...####
.....##.8#####.÷)'..###
#...#..#8..#####..#..
#..'..#.......##)#.. #
##{.@..#.....♣....)..
#.[.##...#..#...♣........)
#[.....##..#..♣..♣.......
##8...##...#..........♣..
######....##...♣........
#.......##...........
#...##...##)♣........
#..##..).#......♣....
#..#....##.......♣...


There were no monsters in sight!

Vanquished Creatures
  Pikel (D:4)
  A gargoyle (Bailey)
  Grinder (D:3)
  A hornet (D:10)
  Sigmund (D:3)
  Eustachio (D:5)
  3 yaks (D:10)
  A wyvern (D:10)
  A steam dragon (D:8)
  A water moccasin (D:7)
  Edmund (D:4)
  Duvessa (D:7)
  2 sky beasts
  An ice beast (D:6)
  5 orc warriors
  An ogre (D:5)
  3 centaurs
  2 phantoms
  2 lemures (D:4)
  2 kobold brigands
  6 bullfrogs
  A gnoll sergeant (D:9)
  A necrophage (D:4)
  A scorpion (D:7)
  A wyvern skeleton (D:5)
  Dowan (D:7)
  4 killer bees (D:9)
  An electric eel (D:6)
  8 vampire bats (Bailey)
  5 wolf zombies (Bailey)
  A howler monkey (D:8)
  A centaur zombie (D:5)
  4 hounds
  A jelly (D:6)
  6 orc priests
  Crazy Yiuf (D:4)
  A gnoll bouda (D:7)
  Jessica (D:3)
  2 scorpion zombies (D:5)
  5 iguanas
  11 orc wizards
  A hound zombie (D:5)
  A hound skeleton (D:5)
  A howler monkey zombie (D:5)
  18 gnolls
  8 adders
  3 shadow imps
  3 white imps (D:6)
  4 ufetubi
  A worm (D:2)
  5 dart slugs
  48 orcs
  8 ball pythons
  8 bats
  7 endoplasms
  2 giant cockroaches
  11 goblins
  5 hobgoblins
  3 jackals (D:1)
  4 quokkas
  3 frilled lizards
  14 kobolds
  14 orc zombies (Bailey)
  4 rats
271 creatures vanquished.

Vanquished Creatures (collateral kills)
  2 foxfires (D:6)
2 creatures vanquished.

Vanquished Creatures (others)
  830 foxfires
  14 plants (D:6)
  A withered plant (D:5)
845 creatures vanquished.

Grand Total: 1118 creatures vanquished

Notes
Turn   | Place    | Note
-------+----------+-------------------------------------------
     0 | D:1      | funkygono the Gargoyle Fire Elementalist began the quest
                  | for the Orb.
     0 | D:1      | Reached XP level 1. HP: 10/10 MP: 3/3
   220 | D:1      | Reached XP level 2. HP: 15/15 MP: 0/5
   829 | D:1      | Reached XP level 3. HP: 19/19 MP: 2/6
   832 | D:1      | Learned a level 2 spell: Scorch
   836 | D:1      | Learned a level 3 spell: Kindle Blastsparks
  1416 | D:2      | Reached XP level 4. HP: 24/24 MP: 0/8
  2480 | D:3      | Reached XP level 5. HP: 28/28 MP: 0/9
  2721 | D:3      | Found an opulent altar of Gozag.
  2880 | D:3      | Found a shadowy altar of Dithmenos.
  2880 | D:3      | Noticed Grinder
  2888 | D:3      | Paralysed by Grinder for 2 turns
  2908 | D:3      | Killed Grinder
  2909 | D:3      | Reached XP level 6. HP: 24/33 MP: 4/12
  3012 | D:3      | Learned a level 4 spell: Flame Wave
  3040 | D:3      | Learned a level 3 spell: Stone Arrow
  3045 | D:3      | Noticed Jessica
  3049 | D:3      | Killed Jessica
  3203 | D:3      | Reached skill level 5 in Fire Magic
  3203 | D:3      | Noticed Sigmund
  3312 | D:3      | Killed Sigmund
  3313 | D:3      | Reached XP level 7. HP: 36/37 MP: 7/14
  3804 | D:4      | Reached skill level 5 in Spellcasting
  4163 | D:4      | Reached XP level 8. HP: 42/42 MP: 7/15
  4224 | D:4      | Noticed Pikel
  4249 | D:4      | HP: 2/42 [lemure[Pikel] (5)]
  4250 | D:4      | Killed Pikel
  4251 | D:4      | Reached skill level 1 in Fighting
  4653 | D:4      | Noticed Edmund
  4658 | D:4      | Killed Edmund
  4735 | D:4      | Found a sacrificial altar of Ru.
  4831 | D:4      | Found a runed translucent door.
  4832 | D:4      | Noticed Crazy Yiuf
  4895 | D:4      | Identified the +2 spear of Najadair {venom, Int+4}
  4899 | D:4      | Found a white marble altar of Elyvilon.
  4978 | D:4      | Found a broken altar of Ashenzari.
  5076 | D:4      | Killed Crazy Yiuf
  5084 | D:4      | Identified the +3 hammer "Boef" {flame, rF+ rC- Will+
                  | Dex+5}
  5211 | D:5      | Entered Level 5 of the Dungeon
  5227 | D:5      | Reached skill level 5 in Conjurations
  5345 | D:5      | Noticed Eustachio
  5354 | D:5      | Killed Eustachio
  5355 | D:5      | Reached XP level 9. HP: 47/47 MP: 7/19
  5620 | D:5      | Reached skill level 1 in Maces & Flails
  7020 | D:6      | Found a faded altar of an unknown god.
  7020 | D:6      | Found a radiant altar of Vehumet.
  7026 | D:6      | Found a faded altar of an unknown god.
  7028 | D:6      | Found a hide-covered altar of Uskayaw.
  7030 | D:6      | Found a shimmering blue altar of Sif Muna.
  7033 | D:6      | Became a worshipper of Sif Muna the Loreminder
  7178 | D:6      | Found a sparkling altar of Nemelex Xobeh.
  7285 | D:6      | Found a blossoming altar of Fedhas.
  7598 | D:7      | Noticed Duvessa
  7598 | D:7      | Noticed Dowan
  7601 | D:7      | Killed Dowan
  7610 | D:7      | Killed Duvessa
  7963 | D:7      | Found a staircase to the Ecumenical Temple.
  7970 | Temple   | Entered the Ecumenical Temple
  8130 | D:7      | Found a runed translucent door.
  8133 | D:7      | Noticed HoaS's ghost (novice GrHu)
  8146 | D:7      | Found a shimmering altar of Xom.
  8157 | D:7      | Reached XP level 10. HP: 53/53 MP: 16/22
  8195 | D:7      | Identified the +4 spear "Pendulum" {spect, rPois Int+3}
  8599 | D:8      | Reached * piety under Sif Muna
  9020 | D:8      | Found an iron altar of Okawaru.
  9128 | D:8      | Found a glowing golden altar of the Shining One.
 10395 | D:9      | Reached ** piety under Sif Muna
 10605 | D:10     | Entered Level 10 of the Dungeon
 10688 | D:10     | Found a basalt altar of Yredelemnul.
 10732 | D:10     | Reached skill level 1 in Earth Magic
 10936 | D:10     | Found a flagged portal.
 10954 | Bailey   | Entered a bailey
 11496 | Bailey   | Reached *** piety under Sif Muna
 11552 | Bailey   | Noticed a gargoyle
 11560 | Bailey   | Killed a gargoyle
 11561 | Bailey   | Reached XP level 11. HP: 54/59 MP: 10/24
 11885 | Bailey   | Slain by a vampire

Illustrated notes

Levels and vault maps discovered:
D:1:      ebering_trefoil_3fold, layout_basic, kennysheep_pointless_box
D:2:      layout_loops_cross, minmay_bisected
D:3:      layout_basic, nicolae_dithmenos_through_a_glass_darkly,
          grunt_gozag_breadcrumbs, uniq_grinder, uniq_sigmund, uniq_jessica
D:4:      layout_cave_pools, lemuel_tele_altar, kennysheep_mini_moat,
          lemuel_coloured_pillars_altar, uniq_edmund, uniq_pikel,
          uniq_crazy_yiuf_cottage
D:5:      layout_gridville, serial_undead, serial_undead_c, serial_undead_d,
          serial_undead_f, serial_undead_d, uniq_eustachio
D:6:      layout_cave_pools, mainiacjoe_overflow_tiny_flanked,
          old_standard_altar, chequers_temple_overflow_minitemple, serial_bayou,
          serial_bayou_pond_d, serial_bayou_pond_b, serial_bayou_pond_d,
          serial_bayou_pond_c, nicolae_fountain_basement
D:7:      layout_rooms, mainiacjoe_overflow_chevrons,
          minmay_temple_entry_slanted, gammafunk_ghost_grave, uniq_duvessa
D:8:      layout_basic, mainiacjoe_overflow_24_doors, okawaru_ov_weapons_minmay
D:9:      layout_long_grid, lightli_orcish_oven
D:10:     layout_loops_cross, grunt_qazlal_clouds, bloody_makhleb,
          mainiacjoe_overflow_boulevard, erik_lair_dragon, david_orc_4,
          enter_bailey_5
Temple:   nicolae_temple_bog_church
Bailey:   bailey_polearm_vampire_castle_hellmonk, bailey

Skill      XL: |  1  2  3  4  5  6  7  8  9 10 |
---------------+-------------------------------+-----
Conjurations   | 2 3 4 5 6 7 |  7.5
Spellcasting   | 3 4 5 6 8 9 |  9.8
Fire Magic     | 4 5 7 8 9 |  9.3
Dodging        | 2 3 |  3.5
Fighting       | 1 2 |  2.9
Maces & Flails | 1 3 |  3.5
Earth Magic    | 1 |  1.8
Stealth        | |  2.1

Action                     |  1- 3 |  4- 6 |  7- 9 | 10-12 || total
---------------------------+-------+-------+-------+-------++-------
  Melee: Staff             |    10 |     1 |       |       ||    11
         Whip              |       |     2 |     1 |       ||     3
         Punch             |       |     1 |       |     1 ||     2
         Mace              |       |       |    36 |    68 ||   104
         Unarmed           |       |       |       |     1 ||     1
   Cast: Foxfire           |    62 |    76 |   208 |   140 ||   486
         Scorch            |       |    17 |    47 |    22 ||    86
         Flame Wave        |       |       |     6 |     8 ||    14
         Stone Arrow       |       |       |     1 |    31 ||    32
    Use: Potion            |       |     1 |     1 |     3 ||     5
         Scroll            |       |       |    18 |     8 ||    26
 Armour: Robe              |     6 |    12 |    33 |    70 ||   121
  Dodge: Dodged            |    11 |    30 |    51 |    89 ||   181

Table legend: (Time is in decaauts)
 A = Elapsed time spent in this place.
 B = Non-inter-level travel time spent in this place.
 C = Inter-level travel time spent in this place.
 D = Time resting spent in this place.
 E = Time spent auto-exploring this place.
 F = Levels seen in this place.
 G = Mean time per level.
                   A        B        C        D        E       F      G
               +--------+--------+--------+--------+--------+-----+--------+
         Total |  11937 |  11666 |    271 |    763 |   8804 |  12 |  994.8 |
       Dungeon |  10844 |  10583 |    261 |    297 |   8573 |  10 | 1084.4 |
        Temple |    162 |    152 |     10 |      0 |    145 |   1 |  162.0 |
        Bailey |    930 |    930 |      0 |    466 |     86 |   1 |  930.0 |
               +--------+--------+--------+--------+--------+-----+--------+

Top non-repeatable levels by time:
     D:3: 1401 daAuts
     D:2: 1373 daAuts
     D:5: 1327 daAuts
     D:9: 1247 daAuts
     D:4: 1229 daAuts
     D:1: 1212 daAuts
     D:6: 1074 daAuts
  Bailey: 930 daAuts
     D:7: 850 daAuts
     D:8: 776 daAuts
    D:10: 350 daAuts
  Temple: 162 daAuts
